 Seeded DCSS version 0.31-a0-836-g3ceb0a68c4 (webtiles) character file.

Game seed: 4073045926086685815 (custom seed)

287910 donath the Transmogrifier (level 19, -12/99 HPs)
             Began as a Spriggan Warper on Oct 8, 2022.
             Was a High Priest of Dithmenos.
             Mangled by a jiangshi (24 damage)
             ... on level 1 of the Crypt on Sept 27, 2023.
             The game lasted 23:45:32 (77637 turns).

donath the Transmogrifier (Spriggan Warper)        Turns: 77637, Time: 23:45:33

Health: -12/99     AC:  6    Str:  9    XL:     19   Next: 87%
Magic:  35/38      EV: 26    Int: 19    God:    Dithmenos [*****.]
Gold:   2401       SH:  0    Dex: 18    Spells: 5/46 levels left

rFire   + . .        b - +8 shortbow of Beetziz {flame, rC+ Stlth+}
rCold   + + +        (shield currently unavailable)
rNeg    + . .        K - +2 robe {Archmagi}
rPois   .            k - +2 hat
rElec   .            p - scarf {rC+ rF+}
rCorr   .            (gloves unavailable)
SInv    +            (boots unavailable)
Will    ++++.        W - amulet of the acrobat Stlth *****+++++
                     J - ring of positive energy
HPRegen 0.36/turn    X - ring of willpower
MPRegen 0.26/turn

%: acrobat, archmagi
@: wreathed by umbra, very quick
A: very small, no large weapons, unfitting armour, see invisible, speed 3, thin
skeletal structure 1, cold resistance 1, MP-powered wands
}: 2/15 runes: barnacled, gossamer
a: Renounce Religion, Shadow Step, Shadow Form


You were on level 1 of the Crypt.
You worshipped Dithmenos.
Dithmenos was extremely pleased with you.
You visited 11 branches of the dungeon, and saw 38 of its levels.
You also visited: Bailey and Ice Cave.

You collected 3659 gold pieces.
You spent 1258 gold pieces at shops.

Inventory:

Hand Weapons
 a - a +8 dagger of electrocution
 b - the +8 shortbow of Beetziz (weapon) {flame, rC+ Stlth+}
   (You found it on level 1 of the Elven Halls)

   rC+:       It protects you from cold.
   Stlth+:    It makes you more stealthy.
 c - the +2 arbalest of the Avant Garde God {penet, rElec Str-4 Int+7 Dex-3}
   (You bought it in a shop on level 1 of the Orcish Mines)

   Str-4:     It affects your strength (-4).
   Int+7:     It affects your intelligence (+7).
   Dex-3:     It affects your dexterity (-3).
   rElec:     It insulates you from electricity.
 z - a +4 demon blade of electrocution
Missiles
 y - 46 poisoned darts
 A - 5 curare-tipped darts
 B - 8 boomerangs of dispersal
 M - 6 atropa-tipped darts
Armour
 k - a +2 hat (worn)
 p - a scarf of resistance (worn)
 u - a scarf of invisibility
 K - a +2 robe of the Archmagi (worn)
Jewellery
 h - the ring "Irapipik" {rC+ Str+4}
   (You found it on level 2 of the Vaults)

   [ring of protection from cold]

   Str+4:     It affects your strength (+4).
   rC+:       It protects you from cold.
 i - a ring of protection from fire
 t - a ring of flight
 H - a +4 ring of evasion
 I - a +4 ring of slaying
 J - a ring of positive energy (left hand)
 Q - a +4 ring of protection
 V - a ring of poison resistance
 W - an amulet of the acrobat (around neck)
 X - a ring of willpower (right hand)
Talismans
 e - a serpent talisman
 N - a storm talisman
Wands
 s - a wand of digging (4)
 C - a wand of acid (15)
 T - a wand of paralysis (9)
Scrolls
 g - 7 scrolls of fog
 l - 6 scrolls of teleportation
 v - a scroll of vulnerability
 x - a scroll of silence
 D - 3 scrolls of immolation
 G - 2 scrolls of revelation
 P - a scroll of blinking
 U - 3 scrolls of poison
Potions
 d - a potion of brilliance
 f - 7 potions of haste
 j - 9 potions of might
 m - 10 potions of curing
 n - a potion of invisibility
 o - a potion of lignification
 q - 4 potions of mutation
 r - 2 potions of cancellation
 w - 3 potions of heal wounds
 E - a potion of resistance
 L - a potion of berserk rage
 O - a potion of enlightenment
 R - 6 potions of magic
Miscellaneous
 F - a lightning rod (4/4)
 Y - a condenser vane


   Skills:
 - Level 10.5 Fighting
 - Level 10.0 Short Blades
 - Level 4.0 Polearms
 + Level 13.3 Ranged Weapons
 - Level 4.0 Throwing
 - Level 1.0 Armour
 + Level 12.6 Dodging
 - Level 16.3 Stealth
 - Level 0.2 Shields
 - Level 2.4 Unarmed Combat
 - Level 14.2 Spellcasting
 - Level 2.0 Conjurations
 + Level 8.0 Hexes
 - Level 2.0 Necromancy
 - Level 10.7 Translocations
 - Level 18.0 Transmutations
 - Level 3.0 Ice Magic
 - Level 10.0 Air Magic
 * Level 9.9 Invocations
 - Level 14.5 Evocations
 + Level 16.6 Shapeshifting


You had 5 spell levels left.
You knew the following spells:

 Your Spells              Type           Power      Damage    Failure   Level
a - Manifold Assault      Tloc           69%        N/A       1%          4
b - Blink                 Tloc           100%       N/A       1%          2
c - Vhi's Electric Charg  Tloc/Air       100%       N/A       1%          4
d - Vampiric Draining     Necr           31%        2d8       6%          3
e - Ensorcelled Hibernat  Hex/Ice        100%       N/A       1%          2
f - Cause Fear            Hex            30%        N/A       1%          4
g - Summon Guardian Gole  Hex/Summ       43%        N/A       2%          3
h - Yara's Violent Unrav  Hex/Tmut       38%        3d15      1%          5
i - Irradiate             Conj/Tmut      33%        3d22      2%          5
j - Slow                  Hex            100%       N/A       1%          1
k - Wereblood             Tmut           89%        N/A       0%          2
l - Frozen Ramparts       Ice            74%        1d12      4%          3
m - Teleport Other        Tloc           69%        N/A       1%          3

Your spell library contained the following spells:

 Spells                   Type           Power      Damage    Failure   Level
 Shock                    Conj/Air       100%       1d9       1%          1
 Cigotuvi's Dreadful Rot  Necr/Pois/Air  86%        N/A       1%          2
 Lesser Beckoning         Tloc           100%       N/A       1%          2
 Confusing Touch          Hex            60%        N/A       1%          3
 Ignite Poison            Fire/Tmut/Pois 53%        N/A       1%          3
 Swiftness                Air            67%        N/A       1%          3
 Airstrike                Air            33%        2d(5-21)  1%          4
 Petrify                  Tmut/Erth      64%        N/A       1%          4
 Magic Dart               Conj           100%       1d8       2%          1
 Necrotise                Necr           100%       1d9       2%          1
 Inner Flame              Hex/Fire       43%        N/A       2%          3
 Foxfire                  Conj/Fire      100%       2x1d9     3%          1
 Searing Ray              Conj           62%        2d6       3%          2
 Summon Small Mammal      Summ           80%        N/A       4%          1
 Anguish                  Hex/Necr       24%        N/A       6%          4
 Fulminant Prism          Conj/Hex       24%        3d12      6%          4
 Call Canine Familiar     Summ           20%        N/A       14%         3
 Metabolic Englaciation   Hex/Ice        25%        N/A       14%         5
 Freezing Cloud           Conj/Ice/Air   24%        6-21      17%         5
 Dispel Undead            Necr           31%        3d14      22%         4
 Summon Ice Beast         Ice/Summ       28%        N/A       26%         4
 Flame Wave               Conj/Fire      26%        2d8       32%         4
 Sticky Flame             Conj/Fire      26%        2d5       32%         4
 Agony                    Necr           31%        N/A       52%         5
 Fireball                 Conj/Fire      13%        3d7       65%         5
 Dispersal                Tloc           34%        N/A       9%          6
 Enfeeble                 Hex            30%        N/A       83%         7
 Simulacrum               Ice/Necr       17%        N/A       95%         6
 Death Channel            Necr           15%        N/A       97%         6
 Disjunction              Tloc           34%        N/A       98%         8
 Starburst                Conj/Fire      13%        6d5       99%         6
 Discord                  Hex            30%        N/A       100%        8
 Ignition                 Fire           10%        3d5       100%        8
 Polar Vortex             Ice            18%        12d2*     100%        9


Dungeon Overview and Level Annotations

Branches:
Dungeon (15/15)            Temple (1/1) D:6            Lair (5/5) D:9
 Shoals (4/4) Lair:3       Spider (4/4) Lair:2        Slime (1/5) Lair:4
    Orc (2/2) D:10            Elf (2/3) Orc:2        Vaults (2/5) D:14
  Crypt (1/3) Vaults:2     Depths (1/4) D:15         Bailey (visited)
  IceCv (visited)

Altars:
Ashenzari
Cheibriados
Dithmenos
Elyvilon
Fedhas
Gozag
Hepliaklqana
Kikubaaqudgha
Makhleb
Nemelex Xobeh
Okawaru
Qazlal
Ru
Sif Muna
Trog
Uskayaw
Vehumet
Wu Jian
Xom
Yredelemnul
Zin
The Shining One
Jiyva

Shops:
D:4 ((   D:8 *   D:11 :   D:15 ?   Orc:1 (!*   Orc:2 :(([   Elf:2 (

Annotations:
D:3 centaur
D:6 chaos? curare
Lair:5 exclusion: 2 oklob plants
Shoals:3 exclusion: titan
Spider:2 Arachne!, Arachne
Vaults:2 3 runed translucent doors, Ywousm's ghost, adept GnHW


Innate Abilities, Weirdness & Mutations

You are very small and have problems with some larger weapons.
You are too small for most types of armour.
You have supernaturally acute eyesight. (SInv)
You cover ground extremely quickly. (Speed+++)
You have a somewhat thin skeletal structure. (Dex +2, Stealth+)
Your flesh is cold resistant. (rC+)
You expend magic power (3 MP) to strengthen your wands.


Message History

Fire: b) +8 shortbow of Beetziz {flame, rC+ Stlth+}
Press: ? - help, Q - select action, (/) - cycle Shift-Dir - straight line, f/p - phantasmal warrior
Aim: a phantasmal warrior (lightly damaged, summoned, umbra, 76% to hit)
You shoot an arrow.
The arrow hits the phantasmal warrior but does no damage.
The phantasmal warrior is lightly damaged.
The phantasmal warrior gestures at you.
The phantasmal warrior blinks!
The jiangshi claws you. The jiangshi closely misses you.
Casting: Blink (safe; 1% risk of failure)
Confirm with . or Enter, or press ? or * to list all spells.
You feel a surge of power!
You blink.
The jiangshi barely misses you.
The jiangshi claws you but does no damage.
The jiangshi claws you!
* * * LOW HITPOINT WARNING * * *
The jiangshi draws strength from your injuries!
The jiangshi claws you.
* * * LOW HITPOINT WARNING * * *
The jiangshi draws strength from your injuries!
The jiangshi attacks as it pursues you! The jiangshi completely misses you. x2
The jiangshi barely misses you. The jiangshi closely misses you.
Okay, then.
Okay, then.
You feel much better.
You feel ready to blink again. The jiangshi misses you. x2
You are caught in the web!
The jiangshi barely misses you. x2
There is a web here.
You disentangle yourself.
The jiangshi barely misses you.
The jiangshi completely misses you. x2; The jiangshi claws you!
The jiangshi draws strength from your injuries!
The jiangshi attacks as it pursues you! The jiangshi claws you!!
* * * LOW HITPOINT WARNING * * *
The jiangshi draws strength from your injuries!
The jiangshi completely misses you.
Blink to where?
Press: ? - help, Dir - move target
As you read the scroll of blinking, it crumbles to dust.
The jiangshi claws you!!
You die...

####### ###8.⌠^8###
#8^^^....8# .
##.^.......## ########/.
#8..⌠...⌠..8###.........
#.........^^..'.........
#⌠........§...'.....[...
#......@V.V^..'.#######.
#8^.⌠...⌠..8###.#
##.........## #W#
#8.^^..^.8# #.# .
###8.⌠^8### #.# .
####### #W# . #######V#
. #.......# . #.......#
.


You could see 2 jiangshi.

Vanquished Creatures
  Mara (Spider:3)
  Saint Roka (Orc:2)
  Jory (Vaults:2)
  2 krakens
  Kirke (D:14)
  A sphinx (Vaults:2)
  Donald (Spider:3)
  2 emperor scorpions
  A fire giant (Vaults:2)
  4 frost giants
  A ghost moth (Spider:4)
  8 vault wardens
  2 orc warlords
  A broodmother (Spider:4)
  10 ironbound preservers
  5 ironbound thunderhulks
  A deep elf demonologist (Elf:1)
  6 dire elephants
  Azrael (Orc:2)
  The ghost of lunkers the Geomancer, a journeyman MeEE of Gozag (Orc:1)
  6 spark wasps
  3 merfolk javelineers
  An eidolon (Vaults:2)
  A jiangshi (Vaults:2)
  2 crystal guardians
  5 yaktaur captains
  8 merfolk impalers
  7 hydras
  3 entropy weavers
  Josephine (D:12)
  2 great orbs of eyes
  An ice dragon (D:15)
  5 ironbound frosthearts
  3 jorogumos (Spider:4)
  6 vault guards (Vaults:1)
  A peacekeeper (Vaults:2)
  An ogre mage (D:15)
  2 merfolk avatars (Shoals:4)
  Erica (Lair:2)
  2 catoblepae
  7 radroaches
  12 centaur warriors
  A merfolk aquamancer (Shoals:4)
  12 two-headed ogres
  A jorogumo (shapeshifter) (D:15)
  12 boulder beetles
  16 death yaks
  An alligator snapping turtle (Shoals:2)
  A deep troll shaman (Lair:5)
  10 dancing weapons
  Urug (D:11)
  An orc high priest (Orc:2)
  Sonja (D:10)
  4 deep elf knights
  14 skeletal warriors
  A shadow wraith (Vaults:1)
  7 sea snakes
  22 deep trolls
  4 pharaoh ants
  4 steelbarb worms (Spider:4)
  A kraken simulacrum (Shoals:2)
  4 sun moths
  7 ironbound convokers
  14 orb spiders
  A deep elf archer (Elf:1)
  2 bog bodies (IceCv)
  2 necromancers
  5 lindwurms
  A phantasmal warrior (D:14)
  2 tengu zombies
  16 harpies
  3 orc knights
  2 fire giant zombies (D:15)
  8 deep elf zephyrmancers (Elf:1)
  5 fauns (Shoals:2)
  16 deep elf pyromancers
  5 ugly things
  2 orc sorcerers
  A cyclops (shapeshifter) (D:14)
  8 manticores
  A shining eye (shapeshifter) (D:14)
  25 wolf spiders
  10 cyclopes
  9 water nymphs
  5 moths of wrath
  Maurice (Orc:2)
  13 elephants
  6 black mambas
  A stone giant skeleton (Vaults:2)
  15 vault sentinels
  5 merfolk sirens
  An ice statue (IceCv)
  4 demonic crawlers
  7 torpor snails
  2 gargoyles
  3 rime drakes
  2 freezing wraiths
  10 cane toads
  8 yaktaurs
  2 unseen horrors
  3 efreet
  3 kobold demonologists
  A spriggan zombie (D:15)
  8 komodo dragons
  A yaktaur skeleton (Vaults:2)
  5 polar bears
  An anaconda simulacrum (IceCv)
  A queen bee (shapeshifter) (D:15)
  A meliai (Spider:4)
  A hornet (D:9)
  31 merfolk
  4 trolls
  7 wind drakes
  24 tarantellas
  29 slime creatures
  9 snapping turtles
  A human simulacrum (Vaults:2)
  A deep troll zombie (Vaults:2)
  25 jumping spiders
  A jumping spider (shapeshifter) (D:15)
  7 dream sheep
  3 dire elephant simulacra (IceCv)
  8 wraiths
  A shadow (D:10)
  32 yaks
  5 wyverns
  8 water elementals
  31 culicivoras
  A deep troll skeleton (Vaults:2)
  3 alligator snapping turtle simulacra (Shoals:2)
  8 basilisks
  A golden eye (shapeshifter) (D:13)
  3 fire elementals (Orc:2)
  66 redbacks
  8 death yak simulacra
  11 vampire mosquitoes
  A sea snake simulacrum (Shoals:2)
  A warg (shapeshifter) (D:15)
  Menkaure (D:6)
  A steam dragon (Lair:1)
  7 wargs
  2 acid dragons (D:11)
  3 hydra simulacra (IceCv)
  2 harpy simulacra (IceCv)
  15 water moccasins
  2 hell hounds (Orc:2)
  Duvessa (D:7)
  A floating eye (Lair:5)
  41 orc warriors
  3 ice beasts
  2 sky beasts (D:6)
  A black bear (Lair:5)
  4 satyr simulacra (Shoals:2)
  10 ogres
  8 centaurs
  14 wolves
  5 boggarts (Vaults:1)
  3 phantoms
  9 bullfrogs
  7 kobold brigands
  2 merfolk simulacra (Shoals:2)
  2 scorpions
  A necrophage (D:6)
  2 faun simulacra (Shoals:2)
  3 gnoll sergeants
  4 two-headed ogre simulacra (IceCv)
  2 cane toad simulacra (IceCv)
  An earth elemental (Elf:1)
  5 wights (D:10)
  Dowan (D:7)
  7 howler monkeys
  2 electric eels
  14 orc priests
  A gnoll bouda (D:9)
  2 cyclops simulacra (Shoals:2)
  6 hounds
  An iguana (D:7)
  32 orc wizards
  6 hell rats (Lair:4)
  5 troll simulacra (IceCv)
  3 polar bear simulacra (IceCv)
  7 spriggan simulacra (IceCv)
  2 wolf simulacra (IceCv)
  2 centaur simulacra (Shoals:2)
  36 gnolls
  9 adders
  6 naga simulacra
  11 white imps
  6 ufetubi
  A worm (D:5)
  A dart slug (D:1)
  101 orcs
  4 ball pythons
  6 bats
  5 endoplasms
  7 giant cockroaches
  27 goblins
  11 hobgoblins
  5 jackals
  4 quokkas
  2 frilled lizards (D:2)
  28 kobolds
  5 rats
  A butterfly (Lair:2)
1365 creatures vanquished.

Vanquished Creatures (others)
  A sphinx (Vaults:2)
  A yaktaur captain (Vaults:2)
  A necromancer (Vaults:2)
  A yaktaur skeleton (Vaults:2)
  A human (D:15)
  A glowing shapeshifter zombie (Vaults:2)
  An elf simulacrum (Vaults:2)
  An orc wizard (D:12)
  64 tentacles
72 creatures vanquished.

Grand Total: 1437 creatures vanquished

Notes
Turn   | Place    | Note
-------+----------+-------------------------------------------
     0 | D:1      | donath the Spriggan Warper began the quest for the Orb.
     0 | D:1      | Reached XP level 1. HP: 10/10 MP: 5/5
    97 | D:1      | Reached skill level 1 in Stealth
   149 | D:1      | Reached XP level 2. HP: 15/15 MP: 6/6
   155 | D:1      | Learned a level 2 spell: Blink
   323 | D:1      | Found a faded altar of an unknown god.
   974 | D:1      | Reached XP level 3. HP: 18/18 MP: 8/8
  1642 | D:2      | Reached XP level 4. HP: 8/23 MP: 9/9
  1646 | D:2      | Learned a level 3 spell: Teleport Other
  1766 | D:2      | Gained mutation: You are agile. (Dex +4, Str/Int -1)
                  | [potion of mutation]
  1766 | D:2      | Gained mutation: You are partially covered in iridescent
                  | scales. (AC +2) [potion of mutation]
  1766 | D:2      | Gained mutation: You are frail. (-10% HP) [potion of
                  | mutation]
  1897 | D:3      | Noticed a centaur
  1919 | D:2      | Lost mutation: You are agile. (Dex +4, Str/Int -1) [potion
                  | of mutation]
  1919 | D:2      | Lost mutation: You are frail. (-10% HP) [potion of
                  | mutation]
  1919 | D:2      | Lost mutation: You are partially covered in iridescent
                  | scales. (AC +2) [potion of mutation]
  1919 | D:2      | Gained mutation: You expend magic power (3 MP) to
                  | strengthen your wands. [potion of mutation]
  1919 | D:2      | Gained mutation: You have a somewhat thin skeletal
                  | structure. (Dex +2, Stealth+) [potion of mutation]
  1948 | D:3      | Found a hide-covered altar of Uskayaw.
  1973 | D:3      | Found a basalt altar of Yredelemnul.
  2397 | D:3      | You are sucked into a shaft and drop 3 floors!
  2527 | D:6      | Noticed a scorpion
  2579 | D:5      | Entered Level 5 of the Dungeon
  2579 | D:5      | Noticed a phantom
  2653 | D:3      | Reached skill level 1 in Short Blades
  2923 | D:4      | Found Fudam's Weapon Shop.
  3311 | D:3      | Reached skill level 5 in Translocations
  3311 | D:3      | Reached XP level 5. HP: 15/26 MP: 10/10
  4127 | D:4      | Found Neceph's Antique Weapon Emporium.
  4428 | D:4      | Reached XP level 6. HP: 27/32 MP: 11/11
  4854 | D:5      | Reached skill level 5 in Stealth
  5561 | D:4      | Reached XP level 7. HP: 29/36 MP: 12/12
  5907 | D:5      | Upgraded the game from 0.30-a0-219-gf2db51d15e to
                  | 0.30-a0-222-ge547ba4400
  5912 | D:5      | Learned a level 4 spell: Manifold Assault
  5915 | D:5      | Learned a level 2 spell: Ensorcelled Hibernation
  6431 | D:5      | Reached skill level 1 in Hexes
  6611 | D:5      | Reached skill level 1 in Ice Magic
  6762 | D:6      | Reached XP level 8. HP: 42/42 MP: 13/13
  8254 | D:7      | Noticed Menkaure
  9092 | D:6      | Found a staircase to the Ecumenical Temple.
  9101 | Temple   | Entered the Ecumenical Temple
  9165 | Temple   | Became a worshipper of Dithmenos the Shadowed
  9904 | D:6      | Killed Menkaure
 10610 | D:7      | Reached XP level 9. HP: 41/45 MP: 9/16
 10944 | D:7      | Noticed Duvessa
 11149 | D:7      | Upgraded the game from 0.30-a0-222-ge547ba4400 to
                  | 0.30-a0-335-ge5acde7520
 11179 | D:7      | Noticed Dowan
 11217 | D:7      | Killed Dowan
 11246 | D:7      | Learned a level 4 spell: Vhi's Electric Charge
 11372 | D:7      | Killed Duvessa
 11512 | D:8      | Noticed a two-headed ogre
 11525 | D:8      | Found Xasooh's Lightly-Used Armoury.
 11534 | D:8      | Bought a -1 hand crossbow for 1 gold piece
 11659 | D:8      | Found a flagged portal.
 11661 | D:8      | Killed a two-headed ogre
 11662 | D:8      | Reached skill level 5 in Hexes
 11662 | D:8      | Reached skill level 1 in Evocations
 11684 | D:8      | Found a faded altar of an unknown god.
 11685 | D:8      | Found a hazy altar of Hepliaklqana.
 12002 | D:8      | Noticed a two-headed ogre
 12031 | D:8      | Reached skill level 5 in Fighting
 12120 | D:8      | Reached * piety under Dithmenos
 12247 | Bailey   | Entered a bailey
 12348 | Bailey   | Reached skill level 5 in Dodging
 12545 | Bailey   | Noticed an orc knight
 12671 | Bailey   | Upgraded the game from 0.30-a0-335-ge5acde7520 to
                  | 0.30-a0-341-g682706514a
 12714 | Bailey   | Killed an orc knight
 12715 | Bailey   | Reached XP level 10. HP: 40/51 MP: 8/17
 12980 | D:8      | Killed a two-headed ogre
 12981 | D:8      | Reached skill level 5 in Spellcasting
 13607 | D:9      | Noticed a two-headed ogre
 13617 | D:9      | Noticed a two-headed ogre
 13641 | D:9      | Killed a two-headed ogre
 13752 | D:9      | Killed a two-headed ogre
 13797 | D:9      | Found a staircase to the Lair.
 13858 | D:9      | Reached ** piety under Dithmenos
 14222 | D:9      | Identified the +0 leather armour of Ulaap {+Inv rPois rF-
                  | Int+2}
 14402 | D:9      | Reached skill level 10 in Stealth
 14922 | D:9      | Reached XP level 11. HP: 55/55 MP: 1/20
 15100 | Lair:1   | Entered Level 1 of the Lair of Beasts
 15100 | Lair:1   | Noticed a boulder beetle
 15101 | Lair:1   | Killed a boulder beetle
 15525 | Lair:1   | Reached skill level 5 in Ranged Weapons
 15568 | Lair:1   | Reached *** piety under Dithmenos
 15628 | Lair:1   | Identified the +5 scale mail "Itik" {Slay+2}
 16067 | Lair:2   | Noticed Erica
 16149 | Lair:2   | Reached skill level 1 in Invocations
 16179 | Lair:2   | Found a hole to the Spider Nest.
 16265 | Lair:2   | Noticed a six-headed hydra
 16769 | Lair:1   | Reached skill level 10 in Translocations
 17148 | Lair:2   | Killed Erica
 17379 | Lair:3   | Reached XP level 12. HP: 51/62 MP: 8/23
 17722 | Lair:3   | Reached **** piety under Dithmenos
 17834 | Lair:3   | Reached skill level 1 in Transmutations
 17842 | Lair:3   | Reached skill level 5 in Evocations
 17870 | Lair:3   | Noticed a six-headed hydra
 18007 | Lair:3   | Reached skill level 2 in Transmutations
 18119 | Lair:3   | Found a staircase to the Shoals.
 18217 | Lair:4   | Noticed a four-headed hydra
 18433 | Lair:4   | Noticed a boulder beetle
 18445 | Lair:4   | Killed a boulder beetle
 18462 | Lair:4   | Noticed a death yak
 18462 | Lair:4   | Noticed a death yak
 18462 | Lair:4   | Noticed a death yak
 18463 | Lair:4   | Noticed a death yak
 18560 | Lair:4   | Noticed a death yak
 18560 | Lair:4   | Noticed a death yak
 18623 | Lair:4   | Noticed a death yak
 18623 | Lair:4   | Noticed a death yak
 18623 | Lair:4   | Noticed a death yak
 18866 | Lair:4   | Found a viscous altar of Jiyva.
 18868 | Lair:4   | Found a staircase to the Slime Pits.
 18887 | Slime:1  | Entered Level 1 of the Pits of Slime
 18887 | Slime:1  | Noticed an acid blob
 19167 | Lair:4   | Killed a four-headed hydra
 19283 | Lair:4   | Noticed a death yak
 19335 | Lair:4   | Killed a death yak
 19372 | Lair:4   | Killed a death yak
 19479 | Lair:4   | Killed a death yak
 19526 | Lair:4   | Killed a death yak
 19526 | Lair:4   | Reached ***** piety under Dithmenos
 19527 | Lair:4   | Reached skill level 3 in Transmutations
 19544 | Lair:4   | Killed a death yak
 19584 | Lair:4   | Killed a death yak
 19585 | Lair:4   | Reached skill level 4 in Transmutations
 19585 | Lair:4   | Reached XP level 13. HP: 68/68 MP: 12/26
 19765 | Lair:4   | Learned a level 4 spell: Cause Fear
 19849 | Lair:5   | Entered Level 5 of the Lair of Beasts
 20317 | Lair:5   | Reached skill level 10 in Short Blades
 20317 | Lair:5   | Reached skill level 5 in Transmutations
 20584 | Lair:5   | Reached skill level 6 in Transmutations
 20739 | Lair:5   | Reached skill level 7 in Transmutations
 21013 | Lair:5   | Reached skill level 8 in Transmutations
 21068 | Lair:5   | Learned a level 7 spell: Ice Form
 21356 | Lair:4   | Reached skill level 9 in Transmutations
 22183 | Lair:5   | Reached skill level 10 in Transmutations
 22780 | Lair:5   | Reached skill level 5 in Invocations
 23267 | Shoals:1 | Entered Level 1 of the Shoals
 23573 | D:10     | Entered Level 10 of the Dungeon
 23596 | D:10     | Noticed Sonja
 23599 | D:10     | Killed Sonja
 23609 | D:10     | Found a staircase to the Orcish Mines.
 23791 | D:10     | Reached XP level 14. HP: 73/73 MP: 21/27
 23987 | D:10     | Identified the +1 robe of Lodaese {rC- Str+8 Dex+4 SInv}
 24300 | Orc:1    | Entered Level 1 of the Orcish Mines
 24311 | Orc:1    | Found Cuurph's Antique Weapon Shoppe.
 24388 | Orc:1    | Bought a pitted arbalest for 266 gold pieces
 24388 | Orc:1    | Identified the +2 arbalest of the Avant Garde God {penet,
                  | rElec Str-4 Int+7 Dex-3} (You bought it in a shop on level
                  | 1 of the Orcish Mines)
 24474 | Orc:2    | Entered Level 2 of the Orcish Mines
 24474 | Orc:2    | Noticed Saint Roka
 24495 | Orc:1    | You are sucked into a shaft and drop 1 floor!
 24529 | Orc:2    | Noticed Maurice
 24540 | Orc:2    | Killed Maurice
 25052 | Orc:2    | Found Veteyluf's Antique Weapon Boutique.
 25495 | Orc:2    | Found Oganyr's Book Shop.
 25555 | Orc:2    | Reached skill level 10 in Ranged Weapons
 25555 | Orc:2    | Reached skill level 11 in Transmutations
 25581 | Orc:2    | Found a staircase to the Elven Halls.
 25628 | Orc:2    | Reached ****** piety under Dithmenos
 25819 | Orc:2    | Noticed Azrael
 26048 | Orc:1    | Found a runed translucent gate.
 26048 | Orc:1    | Found a runed translucent gate.
 26048 | Orc:1    | Found a runed translucent gate.
 26050 | Orc:1    | Found an opulent altar of Gozag.
 26052 | Orc:1    | Found Vunepp's Assorted Antiques.
 26052 | Orc:1    | Noticed lunkers's ghost (journeyman MeEE)
 26151 | Orc:1    | Found Ciheogi's Distillery.
 27675 | Orc:2    | Noticed an orc warlord
 27930 | Orc:2    | Learned a level 5 spell: Yara's Violent Unravelling
 28213 | Orc:2    | Bought a book of Changes for 234 gold pieces
 28233 | Orc:2    | Learned a level 2 spell: Wereblood
 28262 | Elf:1    | Entered Level 1 of the Elven Halls
 28977 | D:11     | Found Wadaw's Book Emporium.
 29140 | D:11     | Noticed Urug
 29304 | D:11     | Found a frozen archway.
 29311 | D:11     | Reached skill level 1 in Armour
 29655 | IceCv    | Entered an ice cave
 30865 | IceCv    | Reached skill level 12 in Transmutations
 32122 | D:11     | Killed Urug
 32795 | D:12     | Noticed Josephine
 33184 | D:12     | Killed Josephine
 34323 | D:13     | Reached skill level 10 in Spellcasting
 35170 | D:13     | Reached XP level 15. HP: 77/77 MP: 11/30
 35363 | D:14     | Found a blossoming altar of Fedhas.
 36798 | Spider:1 | Entered Level 1 of the Spider Nest
 38925 | D:14     | Learned a level 1 spell: Slow
 39153 | D:14     | Found a gate to the Vaults.
 39158 | D:14     | Reached skill level 13 in Transmutations
 39292 | D:14     | Gained mutation: Your flesh is cold resistant. (rC+) [a
                  | shining eye]
 39705 | D:14     | Reached skill level 10 in Dodging
 40173 | D:15     | Entered Level 15 of the Dungeon
 40173 | D:15     | Found Moneun's Magic Scroll Emporium.
 40198 | D:15     | Found a staircase to the Depths.
 40420 | D:15     | Noticed Kirke
 40723 | D:15     | Reached skill level 14 in Transmutations
 40905 | D:15     | Noticed a sphinx
 42056 | D:14     | Killed Kirke
 42382 | D:15     | Reached skill level 5 in Air Magic
 43208 | Orc:1    | Bought a potion of heal wounds for 60 gold pieces
 43208 | Orc:1    | Bought a potion of curing for 36 gold pieces
 43404 | Orc:1    | Killed lunkers's ghost
 43613 | Orc:2    | Reached XP level 16. HP: 67/84 MP: 14/32
 43935 | Orc:2    | Killed Azrael
 44022 | Orc:2    | Found Zoxkutwe's Antique Armour Emporium.
 44023 | Orc:2    | Found Viogh's Antique Weapon Shoppe.
 44043 | Orc:2    | Bought a distressingly furry robe for 210 gold pieces
 44043 | Orc:2    | Identified the +1 robe of Darkness {Str+3 Stlth+} (You
                  | bought it in a shop on level 2 of the Orcish Mines)
 44372 | Orc:2    | Killed Saint Roka
 44451 | Orc:1    | Bought a potion of curing for 36 gold pieces
 44451 | Orc:1    | Bought a potion of haste for 120 gold pieces
 44451 | Orc:1    | Bought a potion of haste for 120 gold pieces
 44502 | D:10     | Upgraded the game from 0.30-a0-341-g682706514a to
                  | 0.30-a0-347-gf58ed5266c
 45116 | Elf:2    | Found Vucvogiwn's Weapon Shop.
 46206 | Elf:1    | Learned a level 7 spell: Storm Form
 46727 | Elf:1    | Identified the +8 shortbow of Beetziz {flame, rC+ Stlth+}
 47699 | Elf:1    | Reached skill level 10 in Evocations
 47955 | Orc:2    | Bought a glowing dagger for 175 gold pieces
 49214 | Shoals:1 | Noticed a kraken
 49354 | Shoals:1 | Killed a kraken
 49355 | Shoals:1 | Reached skill level 15 in Transmutations
 50153 | Shoals:2 | Found a runed translucent gate.
 50154 | Shoals:2 | Found a runed translucent gate.
 50155 | Shoals:2 | Found a runed translucent gate.
 51453 | Shoals:3 | Noticed a kraken
 52094 | Shoals:4 | Entered Level 4 of the Shoals
 52521 | Shoals:3 | Killed a kraken
 52778 | Shoals:3 | Noticed a titan
 53069 | Shoals:4 | Reached XP level 17. HP: 72/74 MP: 23/33
 54259 | Shoals:4 | Identified the +6 battleaxe "Uvix" {spect, rN+ Int+4}
 54430 | Shoals:4 | Reached skill level 10 in Fighting
 55888 | Shoals:4 | Got a barnacled rune of Zot
 58033 | Spider:1 | Learned a level 3 spell: Frozen Ramparts
 59368 | Spider:2 | Upgraded the game from 0.30-a0-347-gf58ed5266c to
                  | 0.30-a0-354-g6b83867211
 59874 | Spider:3 | Noticed Donald
 60565 | Spider:3 | Noticed Mara
 60571 | Spider:3 | Killed Mara
 60730 | Spider:3 | Noticed Arachne
 61089 | Spider:3 | Reached XP level 18. HP: 93/93 MP: 5/37
 61704 | Spider:3 | Killed Donald
 62184 | Spider:4 | Entered Level 4 of the Spider Nest
 64368 | Spider:4 | Reached skill level 1 in Unarmed Combat
 64868 | Spider:4 | Reached skill level 16 in Transmutations
 66848 | Spider:4 | Got a gossamer rune of Zot
 67590 | Depths:1 | Entered Level 1 of the Depths
 67810 | Vaults:1 | Entered Level 1 of the Vaults
 67936 | Vaults:1 | Reached skill level 17 in Transmutations
 68790 | Vaults:2 | Reached skill level 15 in Stealth
 69513 | Vaults:1 | Reached XP level 19. HP: 90/91 MP: 38/38
 70764 | Vaults:2 | Found a runed translucent gate.
 70764 | Vaults:2 | Found a runed translucent gate.
 70765 | Vaults:2 | Found a runed translucent gate.
 71761 | Vaults:2 | Noticed Jory
 71780 | Vaults:2 | Killed Jory
 72053 | Vaults:2 | Reached skill level 10 in Air Magic
 72624 | Vaults:2 | Reached skill level 18 in Transmutations
 72811 | Vaults:1 | Upgraded the game from 0.30-a0-354-g6b83867211 to
                  | 0.31-a0-656-gb4d89c20fa
 72815 | Vaults:1 | Upgraded the game from 0.31-a0-656-gb4d89c20fa to
                  | 0.31-a0-836-g3ceb0a68c4
 73461 | Vaults:1 | Learned a level 5 spell: Irradiate
 73595 | Vaults:1 | Learned a level 3 spell: Vampiric Draining
 73599 | Vaults:1 | Learned a level 3 spell: Summon Guardian Golem
 74506 | Vaults:2 | Noticed Ywousm's ghost (adept GnHW)
 74971 | Vaults:2 | Identified the ring "Irapipik" {rC+ Str+4}
 75440 | Vaults:2 | Reached skill level 1 in Conjurations
 75709 | Vaults:2 | Reached skill level 1 in Necromancy
 77474 | Vaults:2 | Found a staircase to the Crypt.
 77488 | Crypt:1  | Entered Level 1 of the Crypt
 77637 | Crypt:1  | Mangled by a jiangshi

Illustrated notes

Levels and vault maps discovered:
D:1:      dpeg_arrival_rooms_b, layout_basic,
          shapermc_ecumenical_altar_notcrosses
D:2:      layout_rooms
D:3:      layout_basic, mainiacjoe_overflow_catwalk_spiral
D:4:      corexii_shantytown, layout_basic, serial_shops, shop,
          kennysheep_mini_moat, solitary_fountain
D:5:      minmay_inner_zag, layout_basic, amcnicky_mini_corridor_feature
D:6:      layout_loops_ring, minmay_temple_entry_fiery
D:7:      layout_basic, uniq_menkaure, uniq_duvessa
D:8:      layout_gridville, beargit_hepliaklqana_dungeon_heroes, enter_bailey_3,
          roderic_filled_cross, minmay_shop_damaged, corexii_leaking_fountain,
          kennysheep_cross_bottleneck
D:9:      layout_stronghold, david_lair_shrubbed
D:10:     layout_irregular_city, orc_0_dummy, minivault_24, uniq_sonja
D:11:     layout_loops_ring, portal_ice_cave_entry_ice_simulacra, serial_shops,
          nicolae_shop_stone, kennysheep_minor_cross, uniq_urug
D:12:     layout_stronghold, uniq_josephine
D:13:     layout_basic, hangedman_ranch
D:14:     layout_gridville, erik_vaults_1, fedhas_ov_isle_minmay
D:15:     gammafunk_depths_entry_grave, layout_rooms, serial_bayou_shore_b,
          serial_shops, nicolae_shop_hallway_stairs, minmay_shattered_shrine,
          uniq_kirke
Temple:   hellmonk_temple_of_storms
Lair:1:   layout_misc_corridors, nicolae_lair_lil_pond
Lair:2:   layout_regular_city, spider_nest_entry_web_field,
          dreamdust_mushroom_princess, st_stairs_9, lemuel_fruit_fields,
          grunt_megastairs_4, uniq_erica
Lair:3:   layout_gridlike, minmay_shoals_entry_lonely_mermaid, minivault_19,
          chequers_serial_rivers_micro_b
Lair:4:   layout_misc_corridors, dpeg_slime_entry_corner
Lair:5:   grunt_lair_end_beastmaster, layout_gridlike, disabler_island
Shoals:1: layout_shoals, nzn_prometheus_bound
Shoals:2: layout_shoals, nicolae_shoals_beach_cooler
Shoals:3: layout_shoals, st_sunken_temple
Shoals:4: shoals_end_simple, layout_shoals
Spider:1: layout_spider_delve
Spider:2: layout_cave_pods
Spider:3: layout_spider_delve, uniq_arachne, uniq_mara, uniq_donald
Spider:4: grunt_spider_rune_island
Slime:1:  layout_caves
Orc:1:    layout_diamond_mine, serial_shops, shop_statue, shop,
          ebering_ghost_gozag, mines2_lemuel
Orc:2:    grunt_orc_community_town_hall, layout_caves,
          grunt_orc_community_big_house_1, grunt_orc_community_big_house_2,
          grunt_orc_community_house_2, grunt_orc_community_house_3,
          grunt_orc_community_house_1, grunt_orc_community_house_1,
          grunt_orc_community_house_1, grunt_orc_community_house_2,
          uniq_saint_roka, uniq_maurice, uniq_azrael
Elf:1:    layout_gridlike, hangedman_elven_crosses_minicolossus,
          roderic_lattice_octagonal_star
Elf:2:    nicolae_elf_blades_splatter_lattice
          [nicolae_blade_entry_area_security], layout_geoelf_grid, serial_shops,
          nicolae_stop_n_shop_2, uniq_asterion
Vaults:1: vaults_room_door_ring, grunt_vaults_funnel, v_misc_33,
          nicolae_vaults_little_squares_3, nicolae_vaults_holding_cells,
          v_misc_8, nicolae_vaults_three_branches, v_rooms_3,
          nicolae_vaults_asterisk, layout_vaults_big_cross
Vaults:2: gammafunk_ghost_necromancy, hangedman_vaults_trim, vaults_mumra_hex,
          v_misc_9, v_misc_28, nicolae_vaults_twisting_passages, v_misc_14,
          ontoclasm_vaults_idyll, nicolae_vaults_border_crossing,
          dpeg_vaults_hating_casters, grunt_vaults_diagonal,
          vaults_room_stairs_pillars, minmay_crypt_entry_simple_box,
          vaults_room_grid, layout_vaults_ring, serial_shops, shop, uniq_jory
Crypt:1:  layout_chaotic_city, grunt_crypt_arrival_webbed
Depths:1: layout_basic, enter_ziggurat_b, lemuel_blue_sif_altar,
          gammafunk_ghost_wrathful_warriors, hell_entry, nrook_mini_backslash,
          cheibriados_altar_1

Skill      XL: |  1  2  3  4  5  6  7  8  9 10 11 12 13 14 15 16 17 18 19 |
---------------+----------------------------------------------------------+-----
Stealth        | 1 2 3 4 6 7 8 10 11 15 16 | 16.3
Polearms       | 2 3 4 |  4.0
Fighting       | 2 3 4 5 6 8 9 10 | 10.5
Spellcasting   | 3 4 5 7 8 10 11 14 | 14.2
Short Blades   | 2 4 6 7 9 10 | 10.0
Translocations | 5 6 7 9 10 | 10.7
Dodging        | 4 6 7 9 10 11 12 | 12.6
Hexes          | 2 4 5 7 8 |  8.0
Ice Magic      | 1 2 3 |  3.0
Throwing       | 2 4 |  4.0
Air Magic      | 2 3 4 5 6 7 8 10 | 10.0
Evocations     | 2 4 5 6 7 13 14 | 14.5
Ranged Weapons | 4 6 8 9 11 12 13 | 13.3
Invocations    | 2 5 7 8 9 |  9.9
Transmutations | 4 10 12 14 15 17 18 | 18.0
Armour         | 1 |  1.0
Unarmed Combat | 2 |  2.4
Shapeshifting  | 16 | 16.6
Conjurations   | 2 |  2.0
Necromancy     | 2 |  2.0
Shields        | |  0.2

Action                     |  1- 3 |  4- 6 |  7- 9 | 10-12 | 13-15 | 16-18 | 19-21 || total
---------------------------+-------+-------+-------+-------+-------+-------+-------++-------
  Melee: Spear             |   201 |   134 |     3 |       |       |       |       ||   338
         Dagger            |       |   318 |   300 |   394 |   817 |   903 |   101 ||  2833
         Punch             |       |     6 |     3 |       |     5 |     8 |     2 ||    24
         Trident           |       |   103 |   122 |       |       |       |       ||   225
         Flail             |       |       |     1 |       |       |       |       ||     1
         Hand cannon       |       |       |       |     8 |     3 |       |       ||    11
         Scimitar          |       |       |       |     2 |   172 |    43 |       ||   217
         Unarmed           |       |       |       |       |    46 |       |    66 ||   112
         Long sword        |       |       |       |       |     6 |    15 |       ||    21
         Arbalest          |       |       |       |       |     3 |       |       ||     3
         Shortbow          |       |       |       |       |       |     2 |     1 ||     3
         Demon blade       |       |       |       |       |       |    18 |       ||    18
   Fire: Sling             |     4 |       |       |       |       |       |       ||     4
         Hand cannon       |       |       |     5 |   165 |   189 |       |       ||   359
         Shortbow          |       |       |       |       |     6 |   913 |   326 ||  1245
         Arbalest          |       |       |       |       |   708 |   212 |   123 ||  1043
  Throw: Stone             |     4 |     6 |    15 |     3 |     2 |       |       ||    30
         Boomerang         |     1 |       |       |       |       |       |       ||     1
         Dart              |       |     2 |    22 |       |     5 |    11 |     4 ||    44
   Cast: Blink             |     1 |       |     1 |     2 |    22 |    32 |     9 ||    67
         Teleport Other    |       |     1 |     5 |       |     2 |     6 |     3 ||    17
         Ensorcelled Hiber |       |       |    34 |    30 |    32 |   224 |    55 ||   375
         Manifold Assault  |       |       |    29 |    87 |   355 |   364 |    29 ||   864
         Vhi's Electric Ch |       |       |     1 |     1 |     1 |     1 |     1 ||     5
         Ice Form          |       |       |       |       |     7 |     1 |       ||     8
         Cause Fear        |       |       |       |       |     2 |     2 |       ||     4
         Yara's Violent Un |       |       |       |       |    10 |    13 |       ||    23
         Wereblood         |       |       |       |       |     1 |       |       ||     1
         Slow              |       |       |       |       |     2 |     6 |     2 ||    10
         Frozen Ramparts   |       |       |       |       |       |     5 |     6 ||    11
         Summon Guardian G |       |       |       |       |       |       |    21 ||    21
         Storm Form        |       |       |       |       |       |       |     5 ||     5
         Irradiate         |       |       |       |       |       |       |     1 ||     1
 Invoke: Shadow Step       |       |       |       |     2 |    10 |    10 |     7 ||    29
         Shadow Form       |       |       |       |       |       |       |     1 ||     1
Ability: End Transformatio |       |       |       |       |     4 |     1 |     1 ||     6
         Evoke Invisibilit |       |       |       |       |       |    11 |     4 ||    15
         Blinkbolt         |       |       |       |       |       |       |     1 ||     1
         Begin Untransform |       |       |       |       |       |       |     1 ||     1
  Evoke: Wand              |       |       |     5 |     1 |     7 |    10 |    10 ||    33
         Removed chess pie |       |       |       |     2 |     7 |    10 |     4 ||    23
         Lightning rod     |       |       |       |       |     1 |     6 |     4 ||    11
         Condenser vane    |       |       |       |       |       |     3 |     1 ||     4
    Use: Potion            |     1 |     3 |     2 |     2 |    12 |     7 |     9 ||    36
         Scroll            |       |     8 |     5 |     6 |     6 |    15 |     5 ||    45
   Stab: Sleeping          |    14 |    25 |    36 |    46 |    80 |   192 |    46 ||   439
         Distracted        |       |     2 |     1 |     1 |     3 |     7 |     1 ||    15
         Paralysed         |       |       |       |       |     2 |     1 |     4 ||     7
         Petrified         |       |       |       |       |     1 |     2 |       ||     3
         Invisible         |       |       |       |       |       |    11 |     3 ||    14
 Armour: Robe              |    16 |    25 |    13 |     9 |    38 |    16 |    80 ||   197
         Skin              |       |       |       |       |    27 |     4 |     2 ||    33
         Acid dragon scale |       |       |       |       |     5 |       |       ||     5
         Steam dragon scal |       |       |       |       |       |    14 |       ||    14
  Dodge: Dodged            |    98 |   279 |   183 |   219 |   540 |   478 |   273 ||  2070
   Form: Anaconda          |       |       |       |       |       |       |     1 ||     1

Table legend: (Time is in decaauts)
 A = Elapsed time spent in this place.
 B = Non-inter-level travel time spent in this place.
 C = Inter-level travel time spent in this place.
 D = Time resting spent in this place.
 E = Time spent auto-exploring this place.
 F = Levels seen in this place.
 G = Mean time per level.
                   A        B        C        D        E       F      G
               +--------+--------+--------+--------+--------+-----+--------+
         Total |  54400 |  52760 |   1640 |   6943 |   4636 |  40 | 1360.0 |
       Dungeon |  18617 |  17862 |    755 |   1735 |   3590 |  15 | 1241.1 |
        Temple |     60 |     60 |      0 |      0 |     10 |   1 |   60.0 |
          Lair |   7341 |   6961 |    380 |    260 |    363 |   5 | 1468.2 |
        Shoals |   5905 |   5801 |    104 |    489 |    361 |   4 | 1476.2 |
   Spider Nest |   6620 |   6437 |    183 |    720 |    143 |   4 | 1655.0 |
    Slime Pits |      4 |      4 |      0 |      0 |      0 |   1 |    4.0 |
  Orcish Mines |   4910 |   4819 |     91 |   1398 |     21 |   2 | 2455.0 |
   Elven Halls |   1760 |   1760 |      0 |    107 |      0 |   2 |  880.0 |
        Vaults |   6825 |   6701 |    124 |   1534 |      0 |   2 | 3412.5 |
         Crypt |     99 |     99 |      0 |      0 |      0 |   1 |   99.0 |
        Depths |     19 |     19 |      0 |      0 |      0 |   1 |   19.0 |
        Bailey |    486 |    486 |      0 |    117 |     29 |   1 |  486.0 |
      Ice Cave |   1748 |   1748 |      0 |    580 |    116 |   1 | 1748.0 |
               +--------+--------+--------+--------+--------+-----+--------+

Top non-repeatable levels by time:
   Orc:2: 4343 daAuts
Vaults:1: 3816 daAuts
Spider:4: 3319 daAuts
Vaults:2: 3009 daAuts
    D:14: 2489 daAuts
     D:6: 2284 daAuts
  Lair:5: 1992 daAuts
Shoals:2: 1817 daAuts
    D:12: 1803 daAuts
   IceCv: 1748 daAuts
Shoals:4: 1747 daAuts
  Lair:4: 1595 daAuts
    D:15: 1536 daAuts
   Elf:1: 1508 daAuts
  Lair:2: 1503 daAuts
